Map: Lightshade LE

Players

SKillous - Winner!

  • Race: Protoss Protoss
  • League: Grandmaster
  • Spawn Location: 11:00

MarineLorD

  • Race: Terran Terran
  • League: Master
  • Spawn Location: 5:00

Event: DreamHack SC2 Masters 2020 Winter

VOD

Have the link to the VOD?

Description

Time

  • Played on: Oct. 23, 2020, 1:22 p.m.
  • Length: 10:23

All games in this series

Show
View Real Time Build Order
Export as new Build Order

SKillous Protoss - Winner!

Build Orders: 1 Gate Expand, Phoenix Opening, Zealot Archon 

Get SALT Encoding   

  12  0:00  Probe  
  13  0:12  Probe  
  14  0:17  Pylon  
  14  0:24  Probe (Chrono Boost)  
  15  0:36  Probe (Chrono Boost), Gateway  
  15  0:42  Assimilator  
  16  0:45  Probe (Chrono Boost)  
  17  0:52  Probe  
  18  1:04  Probe  
  19  1:16  Probe  
  20  1:24  Cybernetics Core  
  20  1:31  Nexus  
  20  1:33  Probe  
  20  1:39  Pylon  
  21  1:46  Assimilator  
  21  1:47  Probe  
  22  1:58  Adept (Chrono Boost)  
  22  1:59  Probe  
  23  2:03  Warp Gate  
  25  2:11  Probe  
  26  2:18  Stalker (Chrono Boost)  
  28  2:23  Probe  
  29  2:36  Robotics Facility  
  30  2:37  Probe (Chrono Boost)  
  29  2:44  Probe (Chrono Boost)  
  29  2:47  Sentry  
  33  2:53  Probe (Chrono Boost)  
  33  2:54  Probe (Chrono Boost)  
  33  2:58  Gateway  
  34  2:59  Probe (Chrono Boost)  
  34  3:00  Probe  
  36  3:11  Probe  
  36  3:12  Probe  
  38  3:23  Twilight Council, Probe  
  38  3:24  Probe, Phoenix  
  38  3:26  Observer (Chrono Boost)  
  41  3:29  Shield Battery  
  41  3:35  Probe  
  41  3:36  Probe, Pylon  
  43  3:45  Observer (Chrono Boost)  
  43  3:47  Probe  
  46  3:48  Probe  
  46  3:54  Shield Battery  
  46  3:55  Stalker x2  
  50  3:59  Probe (Chrono Boost)  
  50  4:01  Probe (Chrono Boost)  
  48  4:11  Probe (Chrono Boost)  
  48  4:16  Probe (Chrono Boost), Charge  
  50  4:21  Probe (Chrono Boost), Nexus  
  52  4:25  Probe (Chrono Boost)  
  52  4:26  Pylon  
  52  4:30  Probe (Chrono Boost)  
  52  4:31  Probe (Chrono Boost), Assimilator  
  54  4:40  Dark Shrine  
  54  4:44  Probe  
  54  4:45  Probe  
  56  4:46  Observer  
  56  4:49  Pylon  
  56  4:52  Gateway  
  56  4:55  Gateway  
  56  4:56  Probe  
  56  4:59  Probe  
  58  5:03  Gateway  
  58  5:08  Warp Prism (Chrono Boost)  
  58  5:12  Probe  
  61  5:14  Probe  
  61  5:18  Sentry  
  64  5:24  Probe  
  64  5:26  Gateway  
  65  5:28  Probe  
  65  5:30  Gateway  
  65  5:33  Gateway  
  66  5:38  Probe (Chrono Boost)  
  66  5:40  Observer  
  66  5:41  Shield Battery  
  66  5:42  Probe (Chrono Boost)  
  70  5:46  Probe (Chrono Boost)  
  71  5:51  Probe (Chrono Boost)  
  71  5:52  Probe (Chrono Boost)  
  71  5:54  Pylon  
  71  5:55  Probe (Chrono Boost)  
  71  5:56  Pylon  
  73  6:00  Dark Templar x2  
  73  6:02  Dark Templar  
  79  6:07  Probe  
  79  6:08  Immortal (Chrono Boost)  
  81  6:13  Pylon  
  81  6:15  Probe  
  81  6:17  Probe  
  86  6:22  Probe  
  85  6:27  Probe  
  84  6:33  Probe, Zealot x4  
  84  6:35  Dark Templar  
  84  6:38  Assimilator  
  84  6:39  Assimilator  
  95  6:40  Assimilator  
  95  6:42  Probe, Forge  
  95  6:45  Probe  
  97  6:55  Probe  
  97  6:56  Probe  
  97  7:00  Blink (Chrono Boost)  
  97  7:02  Zealot x7  
  97  7:06  Warp Prism (Chrono Boost)  
  107  7:11  Pylon, Protoss Ground Armor Level 1 (Chrono Boost)  
  107  7:12  Pylon  
  109  7:20  Pylon  
  109  7:24  Shield Battery  
  109  7:25  Shield Battery  
  109  7:31  Dark Templar x3  
  109  7:33  Dark Templar  
  109  7:35  Zealot  
  119  7:37  Archon x2  
  119  7:40  Zealot x2  
  119  7:43  Pylon  
  123  7:49  Zealot  
  119  7:58  Zealot  
  119  8:04  Robotics Facility  
  111  8:06  Pylon  
  111  8:07  Stalker x3  
  113  8:14  Probe  
  113  8:19  Zealot x2  
  118  8:24  Gateway  
  118  8:26  Shield Battery  
  118  8:28  Photon Cannon  
  118  8:29  Gateway  
  118  8:30  Pylon  
  118  8:31  Stalker, Zealot x3  
  127  8:34  Probe  
  127  8:41  Pylon  
  121  8:51  Zealot x6  
  121  8:54  Zealot  
  121  8:55  Zealot  
  135  8:57  Observer (Chrono Boost)  
  136  9:08  Nexus  
  136  9:11  Pylon  
  136  9:12  Templar Archives  
  136  9:24  Zealot  
  136  9:25  Zealot x4  
  136  9:29  Zealot x2  
  136  9:33  Zealot  
  136  9:36  Dark Templar  
  128  9:39  Dark Templar  
  118  9:49  Zealot x4  
  126  9:56  Stalker x2  
  126  9:57  Stalker  
  126  10:06  Zealot  
  118  10:09  Probe x2  
  118  10:10  Probe  
  111  10:15  Zealot x4  
Show
View Real Time Build Order
Export as new Build Order

MarineLorD Terran 

Build Orders: 1/1/1 

Get SALT Encoding   

  12  0:00  SCV  
  13  0:12  SCV  
  14  0:16  Supply Depot  
  14  0:24  SCV  
  14  0:27  Refinery  
  15  0:38  SCV  
  16  0:43  Barracks  
  16  0:50  SCV  
  17  1:02  SCV  
  18  1:06  Supply Depot  
  18  1:14  SCV  
  19  1:34  Orbital Command, Marine  
  20  1:40  Factory  
  20  1:52  Barracks Reactor  
  20  2:00  SCV  
  21  2:07  Command Center  
  21  2:12  SCV  
  22  2:24  SCV  
  22  2:28  Starport  
  23  2:31  Supply Depot  
  23  2:36  SCV  
  24  2:41  Hellion  
  24  2:42  Hellion  
  28  2:48  SCV  
  28  3:00  SCV  
  28  3:03  Hellion x2  
  33  3:12  Medivac  
  35  3:13  SCV  
  36  3:22  Supply Depot  
  36  3:25  SCV  
  37  3:31  Factory Tech Lab  
  37  3:33  Marine  
  37  3:34  Marine, Barracks  
  39  3:39  Orbital Command  
  39  3:44  SCV  
  40  3:51  Refinery, Marine x2  
  42  3:56  Siege Tank  
  43  4:03  SCV  
  43  4:09  Marine x2  
  40  4:11  SCV  
  40  4:17  SCV  
  42  4:18  Barracks  
  42  4:23  SCV  
  43  4:24  Barracks Tech Lab  
  43  4:27  Marine x2  
  43  4:29  SCV  
  43  4:30  Engineering Bay  
  46  4:34  Siege Tank  
  46  4:35  SCV  
  50  4:39  Refinery  
  50  4:40  Supply Depot  
  50  4:42  SCV  
  50  4:45  Marine  
  52  4:47  SCV  
  52  4:52  Stimpack  
  53  4:54  SCV  
  53  4:56  Refinery  
  53  4:59  SCV  
  55  5:00  Marine x2  
  55  5:01  Supply Depot  
  57  5:08  Terran Infantry Weapons Level 1  
  57  5:09  SCV  
  57  5:11  SCV  
  59  5:16  Marine  
  59  5:17  Factory Tech Lab  
  59  5:18  Marine x3  
  59  5:21  SCV  
  64  5:23  Supply Depot  
  64  5:25  SCV  
  64  5:27  Starport Reactor  
  65  5:29  Combat Shield  
  65  5:33  SCV, Supply Depot  
  66  5:39  Marauder  
  66  5:40  Marauder  
  66  5:41  Marine  
  66  5:42  Marine  
  71  5:45  SCV  
  71  5:47  SCV  
  74  5:50  Siege Tank  
  74  5:56  Supply Depot  
  77  5:59  Marine  
  77  6:00  Marauder, Marine  
  77  6:03  Marauder  
  83  6:05  Medivac  
  83  6:07  Medivac  
  87  6:15  Missile Turret  
  87  6:17  Marine  
  87  6:18  Marine  
  88  6:21  Marauder  
  88  6:24  Marauder  
  90  6:27  Missile Turret  
  90  6:31  SCV  
  90  6:32  SCV  
  90  6:36  Missile Turret  
  90  6:41  Marine  
  90  6:43  SCV, Marauder  
  87  6:51  SCV  
  81  6:56  SCV  
  80  7:03  SCV  
  80  7:04  Marauder  
  80  7:08  SCV  
  84  7:09  Siege Tank  
  87  7:16  SCV  
  87  7:19  Terran Infantry Armor Level 1  
  87  7:20  SCV  
  89  7:25  Supply Depot  
  89  7:26  Supply Depot  
  89  7:29  Marine x2  
  91  7:33  Marauder  
  93  7:38  Marauder  
  95  7:47  Marine x2  
  97  7:55  Marauder  
  91  8:02  Marauder  
  91  8:04  Marine  
  86  8:10  Marine  
  86  8:12  SCV x2  
  88  8:14  Medivac, Command Center, Siege Tank  
  88  8:18  Medivac  
  95  8:23  Marauder  
  95  8:24  Marauder  
  95  8:25  Marine  
  100  8:27  SCV  
  100  8:29  SCV  
  102  8:37  Supply Depot  
  102  8:39  SCV, Supply Depot  
  102  8:40  Marine  
  104  8:41  SCV  
  99  8:50  Concussive Shells  
  99  8:53  Marauder x2, Marine  
  104  8:59  Siege Tank  
  104  9:01  Liberator  
  110  9:03  Medivac  
  110  9:04  SCV x2  
  114  9:11  Marine x2  
  114  9:16  SCV  
  114  9:17  Armory  
  117  9:21  Barracks  
  117  9:22  Marine  
  117  9:23  SCV  
  119  9:24  Barracks  
  105  9:32  Marauder  
  93  9:40  Marauder  
  86  9:45  Orbital Command  
  86  9:51  Medivac x2  
  85  9:54  SCV  
  81  10:00  Marine  
  81  10:01  Marauder  
  81  10:03  SCV  
  81  10:06  SCV  
Tags
 
Add a new tag
Caveats
  • Supply blocks, unpowered buildings, or Contaminate may cause inaccurate times.
  • Supply counts are checked every 10 seconds.